Map: Dusk Towers

Players

Happy - Winner!

  • Race: Terran Terran
  • League: Diamond

Has

  • Race: Protoss Protoss

Event: DreamHack Open Tours WCS Spring Championship

VOD

https://www.youtube.com/watch?v=yBM8FZDSgAw

Description

Time

  • Played on: May 14, 2016, 12:27 p.m.
  • Length: 15:51

All games in this series

Show
View Real Time Build Order
Export as new Build Order

Happy Terran - Winner!

Build Orders: Cyclone Opening, MMM Bio 

Get SALT Encoding   

  12  0:00  SCV  
  13  0:12  SCV  
  14  0:17  Supply Depot  
  14  0:25  SCV  
  14  0:28  Refinery  
  15  0:39  SCV  
  16  0:44  Barracks  
  16  0:51  SCV  
  17  1:03  SCV  
  18  1:15  SCV  
  18  1:18  Supply Depot  
  19  1:27  SCV  
  20  1:33  Factory, Marine  
  20  1:39  Orbital Command  
  21  1:55  Bunker  
  21  2:04  Refinery  
  21  2:05  SCV, Marine  
  23  2:17  SCV  
  23  2:20  Supply Depot  
  24  2:25  Marine  
  24  2:26  Factory Tech Lab  
  25  2:30  SCV  
  26  2:42  Marine  
  27  2:46  Cyclone  
  27  2:48  SCV  
  27  2:50  Starport  
  30  2:53  Supply Depot  
  30  3:00  SCV  
  30  3:03  Barracks Reactor  
  31  3:07  Engineering Bay  
  31  3:24  Siege Tank  
  34  3:31  SCV  
  33  3:36  Missile Turret  
  33  3:41  Marine x2  
  33  3:42  Medivac  
  33  3:45  SCV  
  38  3:57  SCV  
  39  4:12  Command Center  
  39  4:14  SCV  
  40  4:20  Marine x2  
  42  4:27  SCV  
  43  4:32  Supply Depot  
  43  4:38  Siege Tank  
  45  4:39  Marine  
  45  4:42  SCV  
  47  4:50  Terran Infantry Weapons Level 1  
  47  4:53  Marine  
  47  4:59  SCV  
  51  5:05  Barracks  
  49  5:11  SCV  
  50  5:21  Command Center  
  50  5:31  Orbital Command  
  50  5:35  Missile Turret  
  46  5:43  Marine x2  
  46  5:47  Siege Tank  
  46  5:49  SCV  
  49  5:53  Barracks Tech Lab  
  48  5:58  SCV  
  48  6:01  SCV  
  48  6:02  Barracks  
  50  6:07  Marine x2  
  50  6:10  SCV  
  53  6:13  SCV  
  53  6:14  Stimpack  
  54  6:19  Marine  
  54  6:22  SCV  
  56  6:25  SCV  
  56  6:31  Barracks  
  57  6:33  Factory Reactor  
  57  6:35  SCV, Orbital Command  
  57  6:38  SCV  
  59  6:46  Marine x2  
  59  6:47  SCV, Marine  
  59  6:50  SCV  
  59  6:51  Refinery  
  59  6:52  Supply Depot  
  61  6:55  Barracks Tech Lab  
  61  6:57  Orbital Command  
  61  6:58  Terran Infantry Armor Level 1  
  61  6:59  Barracks  
  61  7:00  SCV  
  62  7:05  Marine  
  62  7:06  Marauder  
  65  7:12  Medivac x2  
  65  7:15  Combat Shields, SCV  
  70  7:17  SCV  
  70  7:18  Factory Reactor  
  71  7:23  Refinery, Bunker  
  71  7:24  SCV  
  71  7:25  Liberator  
  71  7:27  SCV  
  71  7:29  Marine  
  76  7:30  Marauder, Marine  
  76  7:32  SCV  
  76  7:36  SCV, Marine  
  83  7:45  Starport  
  83  7:49  SCV  
  83  7:50  SCV  
  83  7:51  SCV  
  83  7:53  Marine  
  83  7:54  Barracks Reactor  
  83  7:55  Marine  
  83  7:56  Widow Mine  
  83  7:58  Widow Mine  
  88  7:59  Marine  
  88  8:01  SCV  
  92  8:09  Marine  
  93  8:24  Marauder, Marine  
  93  8:26  Marauder  
  92  8:28  Marine x2  
  92  8:32  SCV  
  92  8:34  SCV  
  92  8:40  Marine  
  92  8:41  Supply Depot  
  93  8:48  Supply Depot  
  93  8:52  Supply Depot  
  93  8:53  Orbital Command  
  93  8:56  Missile Turret  
  93  8:59  Missile Turret  
  93  9:02  Medivac x2, Marauder, Marine, SCV  
  101  9:09  SCV, Marine  
  103  9:11  Marine x2  
  103  9:12  Marauder x2, Missile Turret  
  103  9:14  SCV, Concussive Shells  
  110  9:18  Missile Turret  
  110  9:22  SCV  
  110  9:23  Marine x2  
  113  9:26  Liberator, Widow Mine  
  113  9:27  Widow Mine  
  117  9:34  Supply Depot  
  117  9:36  Supply Depot  
  117  9:37  SCV x2  
  117  9:38  Supply Depot  
  119  9:41  SCV  
  123  9:49  SCV, Marine  
  125  9:56  Marauder, Marine  
  125  9:57  Armory, Barracks  
  125  9:58  Engineering Bay  
  128  10:02  SCV  
  129  10:09  Marauder x2, Marine x2  
  129  10:10  SCV x2  
  136  10:15  Refinery x2  
  127  10:26  Bunker  
  113  10:29  Bunker  
  113  10:30  Widow Mine x2  
  117  10:40  SCV  
  117  10:41  Marauder x2, Marine x2  
  117  10:42  Marauder, Marine, Liberator  
  127  10:43  Marine  
  127  10:47  Terran Infantry Weapons Level 2  
  127  10:49  Missile Turret  
  128  10:53  Terran Infantry Armor Level 2  
  129  11:00  Marine  
  129  11:02  SCV  
  129  11:03  Marauder  
  136  11:05  Marauder, Marine  
  136  11:06  Liberator  
  136  11:07  Barracks Tech Lab  
  136  11:09  Liberator  
  136  11:10  Supply Depot  
  138  11:21  Marine  
  138  11:22  Marauder, Ghost Academy  
  138  11:23  Supply Depot  
  147  11:33  Liberator  
  147  11:39  Command Center  
  147  11:48  Marine x2  
  147  11:49  Marauder x2  
  147  11:50  Marine  
  151  12:06  Marine  
  151  12:07  Marauder, Marine x2  
  131  12:11  Marine x2  
  124  12:22  Missile Turret  
  120  12:31  Marauder, Marine x2  
  124  12:38  SCV x2, Marauder, Marine  
  124  12:39  SCV  
  127  13:00  Orbital Command  
  127  13:03  Terran Infantry Weapons Level 3  
  127  13:04  Marauder, Marine x2  
  131  13:07  Marine  
  131  13:08  Marauder  
  131  13:14  Medivac  
  131  13:18  Marine x3  
  127  13:21  Marine  
  127  13:22  Marine  
  127  13:23  Medivac  
  127  13:24  SCV x2  
  127  13:25  Marine  
  127  13:26  Marauder  
  125  13:27  SCV  
  125  13:29  Marauder  
  125  13:36  Marauder, Marine x2  
  125  13:39  Marine  
  130  13:44  Medivac x2  
  130  13:45  Medivac  
  130  13:47  Marauder  
  138  13:49  Marine x2  
  138  13:50  Marauder  
  138  13:52  Medivac  
  146  14:04  Marine x2  
  146  14:06  Ghost x2  
  146  14:07  Marine x2  
  146  14:08  Marine  
  153  14:11  Marine  
  153  14:14  Medivac  
  156  14:21  Orbital Command  
  156  14:22  Marine x2  
  158  14:24  Marine  
  158  14:25  Marine  
  158  14:26  Marauder  
  158  14:29  Marine  
  158  14:30  SCV x2  
  165  14:35  Marauder, Marine, Liberator x2  
  168  14:40  Marine x2  
  167  14:47  Marauder  
  141  14:53  Marauder, Marine x2  
  141  14:54  Marauder  
  141  14:56  SCV x2  
  147  15:05  SCV x2  
  147  15:06  Missile Turret  
  149  15:10  Marine x2  
  149  15:11  SCV  
  149  15:13  Marine  
  153  15:17  Marine  
  153  15:20  Missile Turret  
Show
View Real Time Build Order
Export as new Build Order

Has Protoss 

Build Orders: Phoenix Opening 

Get SALT Encoding   

  12  0:01  Probe (Chrono Boost)  
  13  0:11  Probe (Chrono Boost)  
  14  0:17  Pylon  
  14  0:22  Probe (Chrono Boost)  
  15  0:35  Probe (Chrono Boost), Gateway  
  16  0:45  Probe (Chrono Boost)  
  16  0:48  Assimilator  
  17  0:51  Assimilator  
  17  0:56  Probe (Chrono Boost)  
  18  1:07  Probe (Chrono Boost)  
  18  1:08  Gateway  
  19  1:17  Probe (Chrono Boost)  
  20  1:23  Cybernetics Core  
  20  1:28  Probe (Chrono Boost)  
  21  1:34  Pylon  
  21  1:38  Probe (Chrono Boost)  
  22  1:45  Pylon  
  22  1:50  Probe (Chrono Boost)  
  23  2:03  Stalker (Chrono Boost)  
  23  2:04  Mothership Core (Chrono Boost)  
  27  2:10  Stalker (Chrono Boost)  
  29  2:20  Pylon  
  29  2:21  Warp Gate  
  28  2:24  Probe (Chrono Boost)  
  29  2:38  Stargate  
  29  2:40  Probe (Chrono Boost)  
  30  2:52  Probe (Chrono Boost)  
  31  3:06  Pylon  
  31  3:15  Nexus  
  31  3:18  Probe (Chrono Boost)  
  32  3:28  Probe (Chrono Boost)  
  33  3:39  Probe (Chrono Boost)  
  34  3:42  Phoenix (Chrono Boost)  
  34  3:45  Pylon  
  36  3:51  Probe  
  36  4:03  Probe  
  36  4:04  Phoenix (Chrono Boost)  
  39  4:11  Twilight Council  
  39  4:14  Forge  
  39  4:18  Probe  
  40  4:29  Phoenix (Chrono Boost)  
  40  4:30  Probe  
  43  4:31  Probe  
  44  4:42  Probe  
  44  4:43  Probe  
  46  4:49  Protoss Ground Weapons Level 1  
  46  4:50  Pylon, Resonating Glaives  
  46  4:57  Phoenix (Chrono Boost)  
  46  4:58  Probe  
  46  4:59  Probe  
  50  5:09  Probe  
  50  5:13  Probe  
  52  5:20  Nexus  
  52  5:21  Probe  
  52  5:27  Phoenix (Chrono Boost)  
  56  5:28  Probe  
  56  5:32  Probe  
  57  5:42  Probe x2  
  58  5:49  Phoenix (Chrono Boost)  
  61  5:53  Gateway  
  61  5:55  Probe, Gateway  
  61  5:57  Robotics Facility  
  62  5:58  Probe  
  62  6:03  Pylon  
  63  6:07  Probe, Pylon  
  64  6:12  Probe, Phoenix (Chrono Boost)  
  67  6:19  Probe  
  67  6:22  Probe  
  69  6:31  Probe, Gateway  
  70  6:33  Probe, Gateway x2  
  70  6:39  Protoss Ground Armor Level 1 (Chrono Boost), Gateway  
  73  6:48  Assimilator  
  73  6:49  Gateway  
  73  6:50  Gateway  
  73  6:55  Warp Prism (Chrono Boost)  
  73  6:57  Probe x2  
  73  7:00  Probe  
  76  7:02  Phoenix  
  76  7:08  Probe  
  78  7:09  Probe  
  78  7:12  Probe  
  78  7:14  Pylon  
  78  7:15  Pylon  
  81  7:18  Probe  
  81  7:21  Probe  
  83  7:24  Probe  
  84  7:30  Adept x4  
  84  7:35  Warp Prism (Chrono Boost)  
  84  7:37  Probe  
  94  7:38  Probe x2  
  94  7:42  Assimilator  
  97  7:46  Phoenix  
  99  8:05  Pylon  
  99  8:07  Assimilator  
  99  8:10  Nexus  
  99  8:11  Phoenix  
  101  8:15  Adept x8  
  97  8:30  Protoss Ground Armor Level 2  
  85  8:36  Phoenix  
  85  8:38  Adept x9  
  105  8:58  Observer (Chrono Boost)  
  105  9:02  Phoenix  
  108  9:06  Pylon  
  108  9:07  Pylon  
  108  9:08  Assimilator  
  108  9:09  Adept x2  
  112  9:10  Pylon, Adept x3  
  112  9:12  Pylon  
  118  9:19  Adept x3  
  118  9:23  Pylon  
  124  9:25  Pylon  
  124  9:39  Adept x3  
  124  9:40  Adept x4  
  138  9:49  Adept x3  
  144  10:02  Adept x5  
  144  10:04  Adept x2  
  140  10:26  Adept x9  
  140  10:27  Adept  
  142  10:32  Protoss Ground Armor Level 3, Observer (Chrono Boost)  
  142  10:43  Probe x2  
  142  10:45  Probe x2  
  142  10:47  Adept x6  
  158  10:50  Observer (Chrono Boost)  
  158  10:56  Adept x2  
  163  11:04  Phoenix  
  163  11:05  Probe x2  
  163  11:06  Probe  
  163  11:07  Probe  
  169  11:15  Probe  
  169  11:16  Pylon  
  170  11:18  Pylon  
  170  11:19  Warp Prism (Chrono Boost)  
  172  11:42  Adept x10  
  191  11:52  Phoenix  
  137  12:12  Adept x5  
  137  12:13  Adept x5  
  149  12:17  Phoenix  
  151  12:35  Adept x9  
  151  12:36  Adept  
  168  12:49  Nexus  
  168  12:50  Pylon  
  162  12:56  Adept x8  
  171  13:05  Phoenix  
  158  13:26  Fleet Beacon  
  154  13:29  Stargate  
  154  13:34  Protoss Air Weapons Level 1 (Chrono Boost)  
  154  13:38  Phoenix  
  154  13:40  Protoss Ground Weapons Level 2 (Chrono Boost)  
  156  14:02  Adept x5  
  162  14:03  Adept  
  162  14:05  Tempest (Chrono Boost)  
  172  14:12  Tempest (Chrono Boost)  
  176  14:29  Adept x5  
  176  14:31  Observer  
  110  15:02  Adept x8  
  126  15:10  Assimilator  
  126  15:11  Assimilator  
  126  15:18  Zealot x2  
  130  15:22  Adept x4  
  132  15:36  Zealot x4  
  105  15:46  Adept x3  
  105  15:47  Adept x3  

Tags
 
Add a new tag
Caveats
  • Supply blocks, unpowered buildings, or Contaminate may cause inaccurate times.
  • Supply counts are checked every 10 seconds.